 Dungeon Crawl Stone Soup version 0.17.0-24-gcfadda4 (webtiles) character file.

5995 Raultor the Frost Mage (level 10, -13/82 HPs)
             Began as an Octopode Monk on Nov 17, 2015.
             Was a High Priest of Makhleb.
             Mangled by an orc warrior
             ... wielding a +0 trident
              (14 damage)
             ... on level 10 of the Dungeon.
             The game lasted 00:28:20 (11837 turns).

Raultor the Frost Mage (Octopode Monk)             Turns: 11837, Time: 00:28:20

Health: -13/82     AC:  5    Str: 12    XL:     10   Next: 85%
Magic:  16/19      EV: 15    Int: 15    God:    Makhleb [*****.]
Gold:   463        SH:  0    Dex: 20    Spells: 1 memorised, 5 levels left

rFire  . . .     SeeInvis .       - Unarmed
rCold  + + +     Clarity  .     (shield currently unavailable)
rNeg   . . .     SustAt   .     (helmet currently unavailable)
rPois  +         Gourm    .     (no amulet)
rElec  .         Spirit   .     f - ring of magical power
rCorr  .         Warding  .     G - ring of protection from cold
rMut   .         Stasis   .     D - ring of poison resistance
MR     .....                    C - ring of fire
Stlth  +++.......               K - +2 ring of intelligence
                                I - +4 ring of dexterity
                                (no ring)
                                (no ring)

@: ice-form, not resistant to hostile enchantments, fairly stealthy
A: almost no armour, amphibious, 8 rings, (constrict 8), (camouflage 0),
(gelatinous body 0)
a: End Transformation, Minor Destruction, Lesser Servant of Makhleb, Major
Destruction, Greater Servant of Makhleb, Renounce Religion


You were on level 10 of the Dungeon.
You worshipped Makhleb.
Makhleb was extremely pleased with you.
You were hungry.
You were a creature of crystalline ice.
You visited 2 branches of the dungeon, and saw 11 of its levels.

You collected 560 gold pieces.
You spent 97 gold pieces at shops.

Inventory:

Missiles
 H - 6 silver tomahawks
 M - 2 throwing nets (quivered)
Jewellery
 f - a ring of magical power (left front paw)
 C - a ring of fire (on tentacle)
 D - a ring of poison resistance (on tentacle)
 G - a ring of protection from cold (right front paw)
 I - a +4 ring of dexterity (on tentacle)
 K - a +2 ring of intelligence (on tentacle)
Wands
 A - a wand of draining (2)
 F - a wand of lightning (5)
 P - a wand of fire (6)
Scrolls
 c - 3 scrolls of amnesia {unknown}
 d - a scroll of enchant armour {unknown}
 i - a scroll of fog {unknown}
 l - 8 scrolls of identify
 s - 2 scrolls of enchant weapon {unknown}
 t - 2 scrolls of blinking
 u - 5 scrolls of magic mapping {unknown}
 v - a scroll of silence {unknown}
 w - 3 scrolls of teleportation {unknown}
 B - a scroll of holy word {unknown}
 E - 2 scrolls of recharging {unknown}
 J - 2 scrolls of remove curse
Potions
 e - 2 potions of curing
 g - a potion of haste
 h - 2 potions of might
 j - a potion of agility {unknown}
 m - a potion of magic {unknown}
 n - 3 potions of cure mutation {unknown}
 o - a potion of brilliance
 q - a potion of flight
 r - a potion of heal wounds
 x - 3 potions of poison
 z - a potion of resistance {unknown}
 N - a potion of berserk rage {unknown}
 O - a potion of invisibility {unknown}
Books
 y - a book of Changes

   Spells                             Type                      Level
   a - Beastly Appendage              Transmutation                1
   b - Sticks to Snakes               Transmutation                2
   c - Spider Form                    Transmutation/Poison         3
   d - Ice Form                       Ice/Transmutation            4
   e - Blade Hands                    Transmutation                5
 Q - a book of Spatial Translocations

   Spells                             Type                      Level
   a - Apportation                    Translocation                1
   b - Blink                          Translocation                2
   c - Shroud of Golubria             Charms/Translocation         2
   d - Portal Projectile              Translocation                3
   e - Teleport Other                 Translocation                3
   f - Passage of Golubria            Translocation                4
Comestibles
 a - 8 bread rations
 b - 6 meat rations
 k - 11 beef jerkies
 p - 8 fruits
 L - 5 chunks of flesh


   Skills:
 + Level 6.4 Fighting
 - Level 0.6 Throwing
 + Level 6.6 Dodging
 - Level 2.6 Stealth
 + Level 8.0 Unarmed Combat
 * Level 7.8 Transmutations
 - Level 8.9 Ice Magic


You had 5 spell levels left.
You knew the following spells:

 Your Spells              Type           Power        Failure   Level  Hunger
a - Ice Form              Ice/Trmt       ##......     12%         4    #####..


Dungeon Overview and Level Annotations

Branches:
Dungeon (10/15)            Temple (1/1) D:6
   Lair: D:8-11         Orc: D:9-12

Altars:
Ashenzari
Cheibriados
Dithmenos
Elyvilon
Fedhas
Gozag
Kikubaaqudgha
Makhleb
Nemelex Xobeh
Okawaru
Qazlal
Ru
Sif Muna
Trog
Vehumet
Xom
Yredelemnul
Zin
The Shining One

Shops:
D:8 ?   D:10 ?

Annotations:
D:8 exclusion: oklob plant


Innate Abilities, Weirdness & Mutations

You cannot wear most types of armour.
You are amphibious.
You can wear up to eight rings at the same time.
((You can use your tentacles to constrict eight enemies at once.))
((Your skin changes colour to match your surroundings (Stealth).))
((Your rubbery body absorbs attacks (AC +1).))


Message History

You pummel the hound!! You freeze the hound.
You kill the hound!
Makhleb accepts your kill.
Your Unarmed Combat skill increases to level 8!
The orc warrior misses you. The orc hits you but does no damage.
You barely miss the orc warrior.
The orc warrior hits you with a trident!
* * * LOW HITPOINT WARNING * * *
The orc hits you from afar with a trident!
* * * LOW HITPOINT WARNING * * *
You punch the orc warrior! You freeze the orc warrior.
The orc warrior is moderately wounded.
The orc warrior barely misses you.
You hit the orc warrior but do no damage.
The orc warrior is moderately wounded.
The orc hits you from afar with a trident!
* * * LOW HITPOINT WARNING * * *
The orc warrior hits you with a trident!
You die...

#.##.##..##.# ..
##..#...#.# ##
........#.#
###.......#
##...(..#
#...∩..# #......#
#
####.>....#####.#
#......(.oooY...#
#....†....#######
#....######
#....# #.....
#..... #.....≈
####..≈ #...$


You could see an orc warrior and 2 orcs.

Vanquished Creatures
  A wyvern (D:8)
  3 hippogriffs
  A steam dragon (D:9)
  A hungry ghost (D:9)
  A phantom (D:10)
  4 orc warriors
  2 wasps
  5 ogres
  3 black bears
  10 centaurs
  3 ice beasts
  A big kobold (D:7)
  4 giant frogs
  A scorpion (D:7)
  3 killer bees (D:10)
  A water moccasin skeleton (D:7)
  10 wights
  2 hounds (D:10)
  A centaur zombie (D:8)
  A quasit (D:9)
  A giant frog zombie (D:8)
  7 jellies
  8 orc wizards
  5 crimson imps
  9 orc priests
  6 iguanas
  Jessica (D:2)
  A giant frog skeleton (D:8)
  5 worker ants
  A killer bee zombie (D:7)
  A hound zombie (D:7)
  2 hound skeletons
  21 adders
  4 gnolls
  A shadow imp (D:7)
  9 oozes
  2 adder skeletons
  5 adder zombies
  2 worms
  5 giant geckos
  30 orcs
  4 ball pythons
  4 giant cockroaches
  8 goblins
  4 hobgoblins
  9 jackals
  11 kobolds
  4 quokkas
  A sheep (D:6)
  3 bats
  A giant cockroach zombie (D:5)
  2 giant gecko skeletons
  14 giant newts
  12 rats
261 creatures vanquished.

Vanquished Creatures (others)
  An orc (D:6)
  3 fungi (D:8)
4 creatures vanquished.

Grand Total: 265 creatures vanquished

Notes
Turn   | Place    | Note
--------------------------------------------------------------
     0 | D:1      | Raultor the Octopode Monk began the quest for the Orb.
     0 | D:1      | Reached XP level 1. HP: 16/16 MP: 1/1
   129 | D:1      | Reached XP level 2. HP: 14/21 MP: 2/2
   421 | D:1      | Reached XP level 3. HP: 26/26 MP: 3/3
  1054 | D:2      | Reached XP level 4. HP: 27/31 MP: 4/4
  1412 | D:2      | Reached skill level 5 in Unarmed Combat
  1830 | D:2      | Reached XP level 5. HP: 32/37 MP: 5/5
  1848 | D:2      | Noticed Jessica
  1860 | D:2      | Killed Jessica
  2080 | D:3      | Found a glowing golden altar of the Shining One.
  2363 | D:3      | Reached XP level 6. HP: 25/43 MP: 6/6
  3304 | D:3      | Reached skill level 6 in Unarmed Combat
  3862 | D:4      | Reached XP level 7. HP: 49/49 MP: 7/7
  3882 | D:4      | Reached skill level 5 in Fighting
  3882 | D:4      | Reached skill level 5 in Dodging
  4604 | D:5      | Entered Level 5 of the Dungeon
  5383 | D:5      | Reached skill level 7 in Unarmed Combat
  5383 | D:5      | Reached XP level 8. HP: 16/55 MP: 8/8
  5535 | D:5      | Found a shadowy altar of Dithmenos.
  5874 | D:5      | Found a deep blue altar of Sif Muna.
  6532 | D:6      | Found a shimmering altar of Xom.
  6790 | D:6      | Learned a level 4 spell: Ice Form
  6906 | D:6      | Found a stormy altar of Qazlal.
  6920 | D:6      | Reached skill level 1 in Transmutations
  6920 | D:6      | Reached skill level 1 in Ice Magic
  7549 | D:6      | Found a staircase to the Ecumenical Temple.
  7555 | Temple   | Entered the Ecumenical Temple
  7562 | Temple   | Became a worshipper of Makhleb the Destroyer
  7562 | Temple   | Reached * piety under Makhleb
  7562 | Temple   | Reached ** piety under Makhleb
  7737 | D:7      | Found a radiant altar of Vehumet.
  7822 | D:7      | Reached XP level 9. HP: 30/62 MP: 9/9
  8280 | D:7      | Found a blossoming altar of Fedhas.
  9133 | D:8      | Found Xiacomiu's Magic Scroll Emporium.
  9138 | D:8      | Bought a scroll of blinking for 97 gold pieces
  9318 | D:8      | Reached skill level 5 in Ice Magic
  9471 | D:8      | Reached skill level 5 in Transmutations
  9494 | D:8      | Reached *** piety under Makhleb
 10022 | D:8      | Noticed an oklob plant
 10438 | D:8      | Found a shimmering altar of Xom.
 10438 | D:8      | Found a shattered altar of Ashenzari.
 10438 | D:8      | Found an iron altar of Okawaru.
 10438 | D:8      | Found an opulent altar of Gozag.
 10456 | D:8      | Reached XP level 10. HP: 58/68 MP: 10/10
 10473 | D:8      | Found a bloodstained altar of Trog.
 10473 | D:8      | Found a sparkling altar of Nemelex Xobeh.
 10768 | D:9      | Reached **** piety under Makhleb
 10829 | D:9      | Reached skill level 8 in Ice Magic
 11062 | D:9      | Found a basalt altar of Yredelemnul.
 11393 | D:10     | Entered Level 10 of the Dungeon
 11793 | D:10     | Found Loeruss's Magic Scroll Emporium.
 11821 | D:10     | Reached ***** piety under Makhleb
 11837 | D:10     | HP: 1/82 [orc/trident (8)]
 11837 | D:10     | Mangled by an orc warrior

Action                   |  1- 3 |  4- 6 |  7- 9 | 10-12 || total
-------------------------+-------+-------+-------+-------++-------
Melee: Unarmed           |    66 |   147 |   402 |   170 ||   785
Throw: Throwing net      |       |       |     2 |       ||     2
 Cast: Ice Form          |       |       |       |    11 ||    11
  Use: Scroll            |       |     2 |       |       ||     2
       Potion            |       |       |    10 |       ||    10
 Stab: Sleeping          |    10 |    16 |    16 |     6 ||    48
       Distracted        |       |     1 |     2 |       ||     3
       Held in net/web   |       |       |     1 |       ||     1
  Eat: Chunk             |       |     9 |    20 |     8 ||    37
       Pizza             |       |       |     1 |       ||     1
